 Dungeon Crawl Stone Soup version 0.30-a0-879-ga8ba668304 (webtiles) character file.

Game seed: 5596182381816863736

99 PLAYERX the Basher (level 4, -14/32 HPs)
             Began as a Gnoll Wanderer on Mar 11, 2023.
             Demolished by a goblin
             ... wielding a +1 dagger of electrocution
             ... led by Robin
              (16 damage)
             ... on level 3 of the Dungeon on Mar 12, 2023.
             The game lasted 00:11:58 (1487 turns).

PLAYERX the Basher (Gnoll Wanderer)                 Turns: 1487, Time: 00:11:58

Health: -14/32     AC:  8    Str: 12    XL:     4   Next: 72%
Magic:  6/6        EV:  9    Int: 11    God:
Gold:   49         SH:  0    Dex: 13    Spells: 5/5 levels left

rFire   . . .      SeeInvis .    a - +2 short sword (drain)
rCold   . . .      Faith    .    (no shield)
rNeg    . . .      Spirit   .    d - +0 scale mail
rPois   .          Reflect  .    (no helmet)
rElec   .          Rampage  .    h - +0 cloak
rCorr   .                        (no gloves)
Will    .....                    i - +0 pair of boots Stlth
                                 (no amulet)
HPRegen 0.25/turn                (no ring)
MPRegen 0.10/turn                (no ring)

@: no status effects
A: fangs 1, strong nose, distributed training
a: no special abilities


You were on level 3 of the Dungeon.
You visited 1 branch of the dungeon, and saw 3 of its levels.

You collected 49 gold pieces.

Inventory:

Hand Weapons
 a - a +2 short sword of draining (weapon)
 b - a +2 falchion of holy wrath
Missiles
 k - 22 stones (quivered)
Armour
 d - a +0 scale mail (worn)
 h - a +0 cloak (worn)
 i - a +0 pair of boots (worn)
Wands
 c - a wand of flame (5)
Scrolls
 e - 2 scrolls of blinking
 f - a scroll of fog {unknown}
 g - a scroll of identify
 j - a scroll of teleportation {unknown}
 l - a scroll of amnesia {unknown}
 m - a scroll of fear {unknown}
 p - a scroll of brand weapon {unknown}
Potions
 n - 3 potions of heal wounds {unknown}
 o - a potion of haste


   Skills:
 + Level 1.2 Fighting
 + Level 1.2 Short Blades
 + Level 1.2 Long Blades
 + Level 1.2 Axes
 + Level 8.6 Maces & Flails
 + Level 1.2 Polearms
 + Level 1.2 Staves
 + Level 4.7 Ranged Weapons
 + Level 1.2 Throwing
 + Level 1.2 Armour
 + Level 1.2 Dodging
 + Level 1.2 Stealth
 + Level 1.2 Shields
 + Level 1.2 Unarmed Combat
 + Level 1.2 Spellcasting
 + Level 1.0 Conjurations
 + Level 1.0 Hexes
 + Level 1.0 Summonings
 + Level 1.0 Necromancy
 + Level 1.0 Translocations
 + Level 1.0 Transmutations
 + Level 1.0 Fire Magic
 + Level 1.0 Ice Magic
 + Level 1.0 Air Magic
 + Level 1.0 Earth Magic
 + Level 1.0 Poison Magic
 + Level 2.9 Invocations
 + Level 6.6 Evocations


You had 5 spell levels left.
You didn't know any spells.
Your spell library was empty.

Dungeon Overview and Level Annotations

Branches:
Dungeon (3/15)

Altars:

Annotations:
D:3 Robin


Innate Abilities, Weirdness & Mutations

You have very sharp teeth.
Your uncanny sense of smell can sniff out nearby items.
Your experience applies equally to all skills.


Message History

You barely miss the hobgoblin.
The hobgoblin hits you but does no damage.
You closely miss the hobgoblin.
The goblin no longer looks unusually strong. x2
The hobgoblin closely misses you.
You hit the hobgoblin but do no damage. You drain the hobgoblin.
You punch the hobgoblin.
The hobgoblin is severely wounded.
The hobgoblin hits you but does no damage.
You barely miss the hobgoblin.
The hobgoblin is severely wounded.
The goblin no longer looks unusually strong.
Robin throws the goblin at you! The goblin completely misses you.
The goblin closely misses you. The goblin hits you but does no damage.
The hobgoblin hits you but does no damage.
You barely miss the hobgoblin.
The hobgoblin is severely wounded.
The goblin no longer looks unusually strong.
Robin roars a battlecry!
The goblins go into a battle-frenzy!
The goblin hits you with a +0 dagger. The goblin barely misses you.
The goblin closely misses you. The hobgoblin hits you.
You hit the hobgoblin.
You kill the hobgoblin!
The goblin hits you but does no damage. x2; The goblin closely misses you.
You closely miss the goblin. The goblin hits you with a +0 dagger.
The goblin hits you with a +1 dagger of electrocution.
You are electrocuted!
* * * LOW HITPOINT WARNING * * *
The goblin barely misses you. The goblin hits you but does no damage.
You closely miss the goblin. The goblin closely misses you. x2
The goblin barely misses you. x2
As you read the scroll labelled ISEINY TITUEK, it crumbles to dust.
It is a scroll of identify.
e - 2 scrolls of blinking The goblin hits you with a +0 dagger.
* * * LOW HITPOINT WARNING * * *
The goblin hits you but does no damage.
You are electrocuted!
Ouch! That really hurt!
You die...

#.).# #.# #)# #.# #.# #g#
#g### ..#####gg.##
......g@g..##
#####.......#### ...
#........... #.#
#.......#### ##.## ##...).##
#...# ##...## #...#
######...######## #^..#
#...............#
#####...###.#####.#.####....


You could see Robin and 5 goblins.

Vanquished Creatures
  Jessica (D:3)
  2 adders (D:2)
  4 worms (D:2)
  4 bats
  2 endoplasms (D:1)
  2 giant cockroaches (D:2)
  7 goblins
  3 hobgoblins
  3 jackals (D:2)
  3 kobolds (D:2)
  2 quokkas (D:2)
  4 ball pythons
  3 frilled lizards (D:1)
  3 rats (D:1)
43 creatures vanquished.

Notes
Turn   | Place    | Note
-------+----------+-------------------------------------------
     0 | D:1      | PLAYERX the Gnoll Wanderer began the quest for the Orb.
     0 | D:1      | PLAYERX set off with the following items: a +2 mace, a +0
                  | sling, a wand of flame (5), a potion of haste, a +0 robe.
     0 | D:1      | Reached XP level 1. HP: 13/13 MP: 2/2
    61 | D:1      | Upgraded the game from 0.30-a0-870-gc5d4c5acee to
                  | 0.30-a0-879-ga8ba668304
   159 | D:1      | Reached XP level 2. HP: 19/19 MP: 3/3
   530 | D:2      | Reached XP level 3. HP: 19/25 MP: 4/4
   714 | D:2      | Reached skill level 1 in Fighting
   714 | D:2      | Reached skill level 1 in Short Blades
   714 | D:2      | Reached skill level 1 in Long Blades
   714 | D:2      | Reached skill level 1 in Axes
   714 | D:2      | Reached skill level 1 in Polearms
   714 | D:2      | Reached skill level 1 in Staves
   714 | D:2      | Reached skill level 1 in Throwing
   714 | D:2      | Reached skill level 1 in Armour
   714 | D:2      | Reached skill level 1 in Dodging
   714 | D:2      | Reached skill level 1 in Stealth
   714 | D:2      | Reached skill level 1 in Shields
   714 | D:2      | Reached skill level 1 in Unarmed Combat
   714 | D:2      | Reached skill level 1 in Spellcasting
   895 | D:2      | Reached XP level 4. HP: 32/32 MP: 6/6
  1436 | D:3      | Noticed Jessica
  1443 | D:3      | Killed Jessica
  1444 | D:3      | Reached skill level 1 in Conjurations
  1444 | D:3      | Reached skill level 1 in Hexes
  1444 | D:3      | Reached skill level 1 in Summonings
  1444 | D:3      | Reached skill level 1 in Necromancy
  1444 | D:3      | Reached skill level 1 in Translocations
  1444 | D:3      | Reached skill level 1 in Transmutations
  1444 | D:3      | Reached skill level 1 in Fire Magic
  1444 | D:3      | Reached skill level 1 in Ice Magic
  1444 | D:3      | Reached skill level 1 in Air Magic
  1444 | D:3      | Reached skill level 1 in Earth Magic
  1444 | D:3      | Reached skill level 1 in Poison Magic
  1463 | D:3      | Noticed Robin
  1487 | D:3      | Demolished by a goblin

Illustrated notes

Levels and vault maps discovered:
D:1:      dpeg_arrival_shelter, layout_basic, solitary_fountain
D:2:      layout_loops_corners
D:3:      layout_loops_cross, ebering_ecumenical_altar_box, minivault_4,
          uniq_robin, uniq_jessica, uniq_natasha, uniq_terence

Skill      XL: |  1  2  3  4 |
---------------+-------------+-----
Fighting       | 1 |  1.2
Short Blades   | 1 |  1.2
Long Blades    | 1 |  1.2
Axes           | 1 |  1.2
Polearms       | 1 |  1.2
Staves         | 1 |  1.2
Throwing       | 1 |  1.2
Armour         | 1 |  1.2
Dodging        | 1 |  1.2
Stealth        | 1 |  1.2
Shields        | 1 |  1.2
Unarmed Combat | 1 |  1.2
Spellcasting   | 1 |  1.2
Conjurations   | 1 |  1.0
Hexes          | 1 |  1.0
Summonings     | 1 |  1.0
Necromancy     | 1 |  1.0
Translocations | 1 |  1.0
Transmutations | 1 |  1.0
Fire Magic     | 1 |  1.0
Ice Magic      | 1 |  1.0
Air Magic      | 1 |  1.0
Earth Magic    | 1 |  1.0
Poison Magic   | 1 |  1.0
Maces & Flails | |  8.6
Ranged Weapons | |  4.7
Invocations    | |  2.9
Evocations     | |  6.6

Action                     |  1- 3 |  4- 6 || total
---------------------------+-------+-------++-------
  Melee: Mace              |    82 |    31 ||   113
         Bite              |     4 |     4 ||     8
         Short sword       |       |    16 ||    16
         Punch             |       |     1 ||     1
    Use: Scroll            |       |     1 ||     1
 Armour: Scale mail        |    32 |    38 ||    70
  Dodge: Dodged            |    32 |    29 ||    61

Table legend: (Time is in decaauts)
 A = Elapsed time spent in this place.
 B = Non-inter-level travel time spent in this place.
 C = Inter-level travel time spent in this place.
 D = Time resting spent in this place.
 E = Time spent auto-exploring this place.
 F = Levels seen in this place.
 G = Mean time per level.
                   A        B        C        D        E       F      G
               +--------+--------+--------+--------+--------+-----+--------+
         Total |   1494 |   1402 |     92 |    171 |    801 |   3 |  498.0 |
       Dungeon |   1494 |   1402 |     92 |    171 |    801 |   3 |  498.0 |
               +--------+--------+--------+--------+--------+-----+--------+

Top non-repeatable levels by time:
     D:2: 1039 daAuts
     D:1: 349 daAuts
     D:3: 104 daAuts
